MID
CHARLESTON RIVERDOGS @ LAKE COUNTY CAPTAINS
06/07/2047
 
TOP OF THE 1ST
Charleston RiverDogs batting - Pitching for Lake County Captains : RHP Dave Marcelino
Pitching: RHP Dave Marcelino
Batting: LHB Marc Durgin 0-0: Ball
1-0: Foul Ball, location: 2F
1-1: Foul Ball, location: 2F
1-2: Ball
2-2: Ground out 3-1 (Groundball, 34, EV 83.1 MPH)
Batting: RHB Bryan Westray 0-0: Ball
1-0: Ball
2-0: Foul Ball, location: 2F
2-1: Fly out, F7 (Flyball, 78M, EV 92.5 MPH)
Batting: LHB Sean Trueblood 0-0: Ball
1-0: Ground out 4-3 (Groundball, 4, EV 91.9 MPH)
Top of the 1st over - 0 runs, 0 hits, 0 errors, 0 left on base; Charleston 0 - Lake County 0
BOTTOM OF THE 1ST
Lake County Captains batting - Pitching for Charleston RiverDogs : RHP Bill Setzer
Pitching: RHP Bill Setzer
Batting: LHB Tetsuya Oba 0-0: Foul Ball, location: 2F
0-1: Foul Ball, location: 2F
0-2: Fly out, F8 (Flyball, 8LD, EV 100.6 MPH)
Batting: RHB Chris Fitzgerald 0-0: Called Strike
0-1: Ball
1-1: Swinging Strike
1-2: Ball
2-2: Fly out, F3 (Line Drive, 34, EV 63.8 MPH)
Batting: RHB Ricky Deen 0-0: Foul Ball, location: 2F
0-1: Ball
1-1: Swinging Strike
1-2: Strikes out swinging
Bottom of the 1st over - 0 runs, 0 hits, 0 errors, 0 left on base; Charleston 0 - Lake County 0
TOP OF THE 2ND
Charleston RiverDogs batting - Pitching for Lake County Captains : RHP Dave Marcelino
Batting: RHB Iften Olujimi 0-0: Swinging Strike
0-1: Foul Ball, location: 2F
0-2: Ball
1-2: Fly out, F8 (Flyball, 8RXD, EV 110.0 MPH)
Batting: LHB Justin O'Neal 0-0: Ball
1-0: Called Strike
1-1: Ball
2-1: Ground out 6-3 (Groundball, 6, EV 87.5 MPH)
Batting: RHB Alfredo Rodriguez 0-0: Ball
1-0: Ball
2-0: Ball
3-0: Called Strike
3-1: Foul Ball, location: 2F
3-2: Fly out, F8 (Flyball, 8RS, EV 85.6 MPH)
Top of the 2nd over - 0 runs, 0 hits, 0 errors, 0 left on base; Charleston 0 - Lake County 0
BOTTOM OF THE 2ND
Lake County Captains batting - Pitching for Charleston RiverDogs : RHP Bill Setzer
Batting: RHB Ernest Olkowicz 0-0: Called Strike
0-1: Called Strike
0-2: Ball
1-2: Ball
2-2: Ground out U3 (Groundball, 23, EV 86.2 MPH)
Batting: SHB Jarrod Lindblad 0-0: SINGLE (Groundball, 4MS, EV 73.8 MPH) (infield hit)
Batting: RHB Joeri Plas 0-0: Foul Ball, location: 2F
0-1: Ball
1-1: SINGLE (Line Drive, 7LS, EV 110.6 MPH)
Jarrod Lindblad to second
Batting: LHB Brandon Hopper 0-0: Ball
1-0: Foul Ball, location: 2F
1-1: Ball
2-1: Foul Ball, location: 2F
2-2: Strikes out swinging
Batting: RHB John Shaffer 0-0: Foul Ball, location: 2F
0-1: Swinging Strike
0-2: Ball
1-2: Ball
Wild Pitch!
Jarrod Lindblad to third
Joeri Plas to second
2-2: SINGLE (Groundball, 6D, EV 94.4 MPH)
Jarrod Lindblad scores
Joeri Plas to third
Runner from 3rd tries for Home, SAFE, throw by CF to home
Batting: RHB Chris Diaz 0-0: Ball
1-0: Swinging Strike
1-1: Ball
2-1: Ball
3-1: Base on Balls
John Shaffer to second
Batting: LHB Tetsuya Oba 0-0: Ball
1-0: Called Strike
1-1: Foul Ball, location: 2F
1-2: Foul Ball, location: 2F
1-2: Ball
Passed Ball!
John Shaffer to third
Chris Diaz to second
2-2: Ball
3-2: Fly out, F8 (Flyball, 8LM, EV 86.2 MPH)
Bottom of the 2nd over - 2 runs, 3 hits, 0 errors, 2 left on base; Charleston 0 - Lake County 2
TOP OF THE 3RD
Charleston RiverDogs batting - Pitching for Lake County Captains : RHP Dave Marcelino
Batting: SHB Houston Phillips 0-0: Called Strike
0-1: Called Strike
0-2: Ground out 6-3 (Groundball, 6, EV 102.5 MPH)
Batting: LHB Dale Anderson 0-0: Swinging Strike
0-1: Ball
1-1: Foul Ball, location: 2F
1-2: Ball
2-2: Strikes out swinging
Batting: RHB John Sprenkel 0-0: Foul Ball, location: 2F
0-1: Foul Ball, location: 2F
0-2: Ball
1-2: Ball
2-2: Ball
3-2: Strikes out swinging
Top of the 3rd over - 0 runs, 0 hits, 0 errors, 0 left on base; Charleston 0 - Lake County 2
BOTTOM OF THE 3RD
Lake County Captains batting - Pitching for Charleston RiverDogs : RHP Bill Setzer
Batting: RHB Chris Fitzgerald 0-0: Called Strike
0-1: Ball
1-1: Ground out 5-3 (Groundball, 56, EV 106.9 MPH)
Batting: RHB Ricky Deen 0-0: Ball
1-0: Foul Ball, location: 2F
1-1: Ball
2-1: Ball
3-1: Foul Ball, location: 2F
3-2: Fly out, F7 (Line Drive, 8LS, EV 88.8 MPH)
Batting: RHB Ernest Olkowicz 0-0: Ball
1-0: Fly out, F9 (Flyball, 9S, EV 83.8 MPH)
Bottom of the 3rd over - 0 runs, 0 hits, 0 errors, 0 left on base; Charleston 0 - Lake County 2
TOP OF THE 4TH
Charleston RiverDogs batting - Pitching for Lake County Captains : RHP Dave Marcelino
Batting: LHB Marc Durgin 0-0: Swinging Strike
0-1: Foul Ball, location: 2F
0-2: Ball
1-2: Ball
2-2: Ball
3-2: Base on Balls
Batting: RHB Bryan Westray 0-0: Ball
1-0: Called Strike
1-1: Called Strike
1-2: Ball
2-2: Ball
3-2: Fly out, F4 (Line Drive, 3D, EV 71.2 MPH)
Batting: LHB Sean Trueblood 0-0: Ball
1-0: Ball
2-0: Ball
3-0: Called Strike
3-1: SINGLE (Groundball, 34D, EV 100.6 MPH)
Marc Durgin to second
Runner from 2nd tries for 3rd, OUT! 9-5
Batting: RHB Iften Olujimi 0-0: Swinging Strike
0-1: Fielders Choice at 2nd, 6-4 (Groundball, 56, EV 85.0 MPH)
Top of the 4th over - 0 runs, 1 hit, 0 errors, 1 left on base; Charleston 0 - Lake County 2
BOTTOM OF THE 4TH
Lake County Captains batting - Pitching for Charleston RiverDogs : RHP Bill Setzer
Batting: SHB Jarrod Lindblad 0-0: Ball
1-0: Ball
2-0: Called Strike
2-1: Ball
3-1: Ground out 6-3 (Groundball, 6D, EV 80.6 MPH)
Batting: RHB Joeri Plas 0-0: Fly out, F5 (Line Drive, 56, EV 70.0 MPH)
Batting: LHB Brandon Hopper 0-0: Swinging Strike
0-1: Fly out, F9 (Flyball, 89S, EV 85.6 MPH)
Bottom of the 4th over - 0 runs, 0 hits, 0 errors, 0 left on base; Charleston 0 - Lake County 2
TOP OF THE 5TH
Charleston RiverDogs batting - Pitching for Lake County Captains : RHP Dave Marcelino
Batting: LHB Justin O'Neal 0-0: Foul Ball, location: 2F
0-1: Called Strike
0-2: Ball
1-2: Strikes out swinging
Batting: RHB Alfredo Rodriguez 0-0: Ball
1-0: Ball
2-0: Ball
3-0: Called Strike
3-1: Swinging Strike
3-2: Fly out, F3 (Line Drive, 3, EV 70.6 MPH)
Batting: SHB Houston Phillips 0-0: Called Strike
0-1: Ball
1-1: Ball
2-1: Called Strike
2-2: Ball
3-2: Ground out U3 (Groundball, 34, EV 103.8 MPH)
Top of the 5th over - 0 runs, 0 hits, 0 errors, 0 left on base; Charleston 0 - Lake County 2
BOTTOM OF THE 5TH
Lake County Captains batting - Pitching for Charleston RiverDogs : RHP Bill Setzer
Batting: RHB John Shaffer 0-0: Swinging Strike
0-1: Foul Ball, location: 2F
0-2: Ball
1-2: Strikes out swinging
Batting: RHB Chris Diaz 0-0: Called Strike
0-1: Fly out, F9 (Flyball, 9S, EV 86.9 MPH)
Batting: LHB Tetsuya Oba 0-0: Foul Ball, location: 2F
0-1: Foul Ball, location: 2F
0-2: Ball
1-2: Ball
2-2: Ground out 6-3 (Groundball, 4M, EV 104.4 MPH)
Bottom of the 5th over - 0 runs, 0 hits, 0 errors, 0 left on base; Charleston 0 - Lake County 2
TOP OF THE 6TH
Charleston RiverDogs batting - Pitching for Lake County Captains : RHP Dave Marcelino
Batting: LHB Dale Anderson 0-0: Called Strike
0-1: Foul Ball, location: 2F
0-2: Strikes out swinging
Batting: RHB John Sprenkel 0-0: Ball
1-0: Called Strike
1-1: Ball
2-1: Ball
3-1: Called Strike
3-2: SINGLE (Groundball, 56D, EV 100.6 MPH)
Batting: LHB Marc Durgin 0-0: Called Strike
John Sprenkel steals 2nd base
0-1: Ground out 4-3 (Groundball, 4MS, EV 79.4 MPH)
John Sprenkel to third
Batting: RHB Bryan Westray 0-0: Called Strike
0-1: Ball
1-1: Foul Ball, location: 2F
1-2: Foul Ball, location: 2F
1-2: Ground out 5-3 (Groundball, 5L, EV 88.8 MPH)
Top of the 6th over - 0 runs, 1 hit, 0 errors, 1 left on base; Charleston 0 - Lake County 2
BOTTOM OF THE 6TH
Lake County Captains batting - Pitching for Charleston RiverDogs : RHP Bill Setzer
Batting: RHB Chris Fitzgerald 0-0: Called Strike
0-1: Called Strike
0-2: Ball
1-2: Foul Ball, location: 2F
1-2: Ball
2-2: Ball
3-2: Base on Balls
Pitching: RHP Willie Perez
Batting: RHB Ricky Deen 0-0: Fly out, F7 (Flyball, 78S, EV 93.8 MPH)
Batting: RHB Ernest Olkowicz 0-0: Ball
1-0: Called Strike
1-1: Swinging Strike
1-2: Ball
2-2: Strikes out looking
Batting: SHB Jarrod Lindblad 0-0: Ball
1-0: Ball
2-0: Ball
3-0: Base on Balls
Chris Fitzgerald to second
Batting: RHB Joeri Plas 0-0: Called Strike
0-1: Fly out, F9 (Line Drive, 89M, EV 97.5 MPH)
Bottom of the 6th over - 0 runs, 0 hits, 0 errors, 2 left on base; Charleston 0 - Lake County 2
TOP OF THE 7TH
Charleston RiverDogs batting - Pitching for Lake County Captains : RHP Dave Marcelino
Batting: LHB Sean Trueblood 0-0: SINGLE (Line Drive, 56D, EV 98.8 MPH)
Batting: RHB Iften Olujimi 0-0: Called Strike
0-1: Fielders Choice at 2nd, 5-4 (Groundball, 56, EV 98.1 MPH)
Batting: LHB Justin O'Neal 0-0: Foul Ball, location: 2F
0-1: Swinging Strike
0-2: Ball
1-2: Strikes out swinging
Batting: RHB Alfredo Rodriguez 0-0: Ball
1-0: Called Strike
1-1: Ball
2-1: Foul Ball, location: 2F
2-2: Foul Ball, location: 2F
2-2: Fielders Choice at 2nd, U6 (Groundball, 6M, EV 88.8 MPH)
Top of the 7th over - 0 runs, 1 hit, 0 errors, 1 left on base; Charleston 0 - Lake County 2
BOTTOM OF THE 7TH
Lake County Captains batting - Pitching for Charleston RiverDogs : RHP Willie Perez
Pitching: LHP Cory Musial
Batting: LHB Brandon Hopper 0-0: Ball
1-0: Called Strike
1-1: Called Strike
1-2: SINGLE (Line Drive, 78M, EV 98.1 MPH)
Batting: RHB John Shaffer 0-0: Hit by Pitch
Brandon Hopper to second
Batting: RHB Chris Diaz 0-0: Bunt missed!
0-1: Bunted foul
0-2: Foul Ball, location: 2F
0-2: Ball
1-2: Ball
2-2: DOUBLE (Flyball, 89XD, EV 115.0 MPH)
Brandon Hopper scores
John Shaffer to third
Batting: LHB Tetsuya Oba 0-0: Swinging Strike
0-1: Ball
1-1: Swinging Strike
1-2: 3-RUN HOME RUN (Flyball, 9LD, EV 95.0 MPH), Distance : 357 ft
Pitching: RHP Michel van Kampen
Batting: RHB Chris Fitzgerald 0-0: Fly out, F7 (Flyball, 78M, EV 86.2 MPH)
Batting: RHB Ricky Deen 0-0: Foul Ball, location: 2F
0-1: Ball
1-1: Ball
2-1: Foul Ball, location: 2F
2-2: Ball
3-2: Hit by Pitch
Pinch Runner at 1st Matt Steinke:
Batting: RHB Ernest Olkowicz 0-0: Ball
1-0: SINGLE (Line Drive, 4MD, EV 99.4 MPH)
Matt Steinke to second
Batting: SHB Jarrod Lindblad 0-0: Ball
1-0: Foul Ball, location: 2F
1-1: Foul Ball, location: 2F
1-2: Ball
2-2: Strikes out looking
Batting: RHB Joeri Plas 0-0: SINGLE (Groundball, 56S, EV 67.5 MPH) (infield hit)
Matt Steinke to third
Ernest Olkowicz to second
Batting: LHB Brandon Hopper 0-0: Ball
1-0: Ball
2-0: Fielders Choice at 2nd, 5-4 (Groundball, 56, EV 84.4 MPH)
Bottom of the 7th over - 4 runs, 5 hits, 0 errors, 3 left on base; Charleston 0 - Lake County 6
TOP OF THE 8TH
Charleston RiverDogs batting - Pitching for Lake County Captains : RHP Dave Marcelino
Pitching: LHP Steve Johnson
Now at 1B: Matt Steinke
Batting: SHB Houston Phillips 0-0: Called Strike
0-1: Ground out 4-3 (Groundball, 4, EV 115.0 MPH)
Batting: RHB Bill Nguyen-Tan 0-0: Called Strike
0-1: Ball
1-1: Reached on error, E5 (Groundball, 56, EV 87.5 MPH)
Batting: RHB John Sprenkel 0-0: Ball
1-0: Foul Ball, location: 2F
1-1: Foul Ball, location: 2F
1-2: SINGLE (Groundball, 6S, EV 63.1 MPH) (infield hit)
Bill Nguyen-Tan to second
Batting: LHB Marc Durgin 0-0: Fielders Choice at 2nd, 6-4 (Groundball, 6, EV 78.1 MPH)
Bill Nguyen-Tan to third
Batting: RHB Bryan Westray 0-0: Ball
1-0: Foul Ball, location: 2F
1-1: Ball
2-1: Foul Ball, location: 2F
2-2: Fly out, F8 (Flyball, 89M, EV 88.1 MPH)
Top of the 8th over - 0 runs, 1 hit, 1 error, 2 left on base; Charleston 0 - Lake County 6
BOTTOM OF THE 8TH
Lake County Captains batting - Pitching for Charleston RiverDogs : RHP Michel van Kampen
Batting: RHB John Shaffer 0-0: Ball
1-0: Ball
2-0: Called Strike
2-1: Swinging Strike
2-2: Strikes out swinging, 2-3 out at first.
Batting: RHB Chris Diaz 0-0: Ground out 5-3 (Groundball, 56, EV 101.9 MPH)
Batting: LHB Tetsuya Oba 0-0: Ball
1-0: Ball
2-0: Called Strike
2-1: Ball
3-1: Foul Ball, location: 2F
3-2: Foul Ball, location: 2F
3-2: Ground out U3 (Groundball, 3S, EV 67.5 MPH)
Bottom of the 8th over - 0 runs, 0 hits, 0 errors, 0 left on base; Charleston 0 - Lake County 6
TOP OF THE 9TH
Charleston RiverDogs batting - Pitching for Lake County Captains : LHP Steve Johnson
Batting: LHB Sean Trueblood 0-0: SINGLE (Groundball, 4, EV 100.0 MPH)
Batting: RHB Iften Olujimi 0-0: Ball
1-0: Called Strike
1-1: Ball
2-1: Fly out, F7 (Flyball, 7, EV 84.4 MPH)
Batting: LHB Justin O'Neal 0-0: Called Strike
0-1: Ball
1-1: Fly out, F9 (Flyball, 89D, EV 81.9 MPH)
Batting: RHB Alfredo Rodriguez 0-0: Foul Ball, location: 2F
0-1: Ball
1-1: Ball
Passed Ball!
Sean Trueblood to second
2-1: Foul Ball, location: 2F
2-2: Ball
3-2: Foul Ball, location: 2F
3-2: Foul Ball, location: 2F
3-2: Ground out 5-3 (Groundball, 15, EV 88.1 MPH)
Top of the 9th over - 0 runs, 1 hit, 0 errors, 1 left on base; Charleston 0 - Lake County 6
Thursday, December 15th , 2022 - OOTP Baseball 23.9 Build 102